 Dungeon Crawl Stone Soup version 0.29.1-1-gd02db6906a (webtiles) character file.

Game seed: 7846127009438088811

233 mortz the Digger (level 6, -5/34 HPs)
             Began as a Kobold Earth Elementalist on Oct 7, 2022.
             Was an Initiate of Vehumet.
             Slain by Pikel
             ... wielding a +0 whip of freezing
              (11 damage)
             ... on level 5 of the Dungeon on Oct 8, 2022.
             The game lasted 00:16:53 (4569 turns).

mortz the Digger (Kobold Earth Elementalist)        Turns: 4569, Time: 00:16:54

Health: -5/34      AC:  3    Str:  5    XL:     6   Next: 26%
Magic:  3/10       EV: 15    Int: 18    God:    Vehumet [......]
Gold:   87         SH:  0    Dex: 16    Spells: 8/11 levels left

rFire   . . .      SeeInvis .   u - +2 short sword (holy)
rCold   . . .      Faith    .   (no shield)
rNeg    . . .      Spirit   .   g - +0 robe
rPois   .          Reflect  .   (no helmet)
rElec   .          Harm     .   (no cloak)
rCorr   .          Rampage  .   (no gloves)
Will    .....                   m - +0 pair of boots
Stlth   ++++......              (no amulet)
HPRegen 0.11/turn               (no ring)
MPRegen 0.12/turn               (no ring)

@: no status effects
A: small, no large weapons, nightstalker 3
a: Renounce Religion


You were on level 5 of the Dungeon.
You worshipped Vehumet.
Vehumet was noncommittal.
You visited 1 branch of the dungeon, and saw 5 of its levels.

You collected 87 gold pieces.

Inventory:

Hand Weapons
 a - a +0 vorpal dagger
 j - a +0 dagger
 p - a +0 rapier
 u - a +2 short sword of holy wrath (weapon)
Missiles
 k - a throwing net
Armour
 g - a +0 robe (worn)
 m - a +0 pair of boots (worn)
 r - a +1 ring mail of poison resistance
 t - a +0 leather armour
Jewellery
 o - an amulet of guardian spirit
Scrolls
 c - 2 scrolls of butterflies
 d - a scroll of teleportation
 e - 2 scrolls of blinking
 s - a scroll of fear
Potions
 b - 4 potions of magic
 f - 2 potions of curing
 h - 2 potions of heal wounds
 i - a potion of brilliance
 l - a potion of might
 n - a potion of mutation {unknown}
 q - a potion of attraction {unknown}
 w - a potion of flight {unknown}


   Skills:
 + Level 1.3 Fighting
 + Level 1.8 Short Blades
 + Level 2.6 Dodging
 + Level 4.3 Stealth
 + Level 3.2 Spellcasting
 * Level 1.4 Conjurations
 + Level 1.0 Transmutations
 * Level 4.5 Earth Magic


You had 8 spell levels left.
You knew the following spells:

 Your Spells              Type           Power      Damage    Failure   Level
a - Sandblast             Erth           38%        2d10      2%          1
b - Passwall              Tmut/Erth      10%        N/A       8%          2

Your spell library contained the following spells:

 Spells                   Type           Power      Damage    Failure   Level
 Stone Arrow              Conj/Erth      26%        3d8       14%         3
 Summon Small Mammal      Summ           8%         N/A       16%         1
 Dazzling Flash           Conj/Hex       10%        N/A       34%         3
 Call Canine Familiar     Summ           2%         N/A       43%         3
 Portal Projectile        Hex/Tloc       4%         N/A       43%         3
 Summon Guardian Golem    Hex/Summ       2%         N/A       43%         3
 Tukima's Dance           Hex            2%         N/A       43%         3
 Petrify                  Tmut/Erth      12%        N/A       45%         4
 Animate Armour           Summ/Erth      22%        N/A       52%         4
 Blade Hands              Tmut           3%         N/A       96%         5
 Agony                    Necr           2%         N/A       99%         5
 Silence                  Hex/Air        1%         N/A       99%         5
 Lehudib's Crystal Spear  Conj/Erth      6%         10d3      100%        8


Dungeon Overview and Level Annotations

Branches:
Dungeon (5/15) Zot: 25372
 Temple: D:4-7

Altars:
Fedhas
Gozag
Nemelex Xobeh
Sif Muna
Vehumet
Yredelemnul
The Shining One

Annotations:
D:5 Pikel


Innate Abilities, Weirdness & Mutations

You are small and have problems with some larger weapons.
You are completely attuned to the shadows.


Message History

You see here a +0 rapier.
p - a +0 rapier 2 lemures come into view.
A lemure comes into view.
The lemure shouts! x2; You hear a shout! x3
Pikel, Merchant of Souls comes into view.
He is wielding a +0 whip of freezing.
The lemure attacks as you move away! The lemure hits you.
The lemure attacks as you move away! The lemure hits you but does no damage.
The blast of sand hits the lemure!
The lemure is heavily wounded.
The lemure closely misses you.
The blast of sand hits the lemure!
The lemure is severely wounded.
The lemure hits you but does no damage. The lemure closely misses you.
The blast of sand hits the lemure.
The lemure is almost dead.
The lemure closely misses you.
The blast of sand misses the lemure.
The blast of sand hits Pikel but does no damage.
The lemure hits you.
The blast of sand hits Pikel but does no damage.
Pikel hits you with a +0 whip of freezing.
Pikel freezes you.
The blast of sand misses Pikel.
The blast of sand misses the lemure.
The blast of sand hits the lemure!
The lemure is moderately wounded.
Pikel closely misses you.
Pikel hits you with a +0 whip of freezing.
Pikel freezes you.
The blast of sand hits Pikel.
Pikel is lightly wounded.
Pikel misses you.
The blast of sand hits Pikel.
Pikel is lightly wounded.
Pikel hits you with a +0 whip of freezing!
* * * LOW HITPOINT WARNING * * *
Pikel freezes you.
* * * LOW HITPOINT WARNING * * *
Pikel hits you with a +0 whip of freezing!
You die...

.# #.# . #.## ###
##### #.
#.##.####.###...##
#.#
#.............#...
55#####.##.....#...##
#5###.####...###.##
#K#.## ##.## #.# #
....#@## #.# #.# #
#.#.### #.# #.# # .
#. #+# #.### #. ##.
... ##. #. ... ##.


You could see Pikel and 3 lemures.

Vanquished Creatures
  Jessica (D:2)
  An orc wizard (D:3)
  A gnoll (D:1)
  7 adders
  A worm (D:3)
  4 dart slugs (D:1)
  11 orcs
  9 ball pythons
  4 bats
  6 endoplasms
  8 giant cockroaches
  6 goblins
  9 hobgoblins
  4 quokkas
  2 frilled lizards
  3 kobolds
  13 rats
90 creatures vanquished.

Notes
Turn   | Place    | Note
-------+----------+-------------------------------------------
     0 | D:1      | mortz the Kobold Earth Elementalist began the quest for the
                  | Orb.
     0 | D:1      | Reached XP level 1. HP: 10/10 MP: 3/3
   163 | D:1      | Reached XP level 2. HP: 15/15 MP: 0/5
   255 | D:1      | Learned a level 2 spell: Passwall
   638 | D:1      | Reached XP level 3. HP: 19/19 MP: 6/6
   930 | D:1      | Reached skill level 1 in Short Blades
  1258 | D:2      | Reached XP level 4. HP: 24/24 MP: 5/7
  1337 | D:2      | Noticed Jessica
  1340 | D:2      | Killed Jessica
  1357 | D:2      | Found a faded altar of an unknown god.
  1490 | D:2      | Reached skill level 1 in Fighting
  2104 | D:2      | Reached XP level 5. HP: 29/29 MP: 9/9
  2661 | D:3      | Reached skill level 1 in Conjurations
  2722 | D:3      | Reached XP level 6. HP: 21/34 MP: 1/10
  4156 | D:4      | Found a glowing golden altar of the Shining One.
  4156 | D:4      | Found a blossoming altar of Fedhas.
  4158 | D:4      | Found a basalt altar of Yredelemnul.
  4161 | D:4      | Found an opulent altar of Gozag.
  4162 | D:4      | Found a sparkling altar of Nemelex Xobeh.
  4163 | D:4      | Found a shimmering blue altar of Sif Muna.
  4164 | D:4      | Found a radiant altar of Vehumet.
  4169 | D:4      | Became a worshipper of Vehumet
  4391 | D:5      | Entered Level 5 of the Dungeon
  4560 | D:5      | Noticed Pikel
  4569 | D:5      | Slain by Pikel

Illustrated notes

Levels and vault maps discovered:
D:1:      nicolae_arrival_washed_ashore, layout_loops_ring
D:2:      minmay_skewed_foursquare, layout_loops_ring,
          nicolae_ecumenical_lake_church, uniq_jessica
D:3:      layout_rooms
D:4:      layout_basic, grunt_temple_overflow_open,
          chequers_serial_rivers_small_a, dreamdust_princess_corridor
D:5:      layout_loops_corners, kennysheep_generic_room_11, uniq_pikel

Skill      XL: |  1  2  3  4  5 |
---------------+----------------+-----
Short Blades   | 1 |  1.8
Stealth        | 3 4 |  4.3
Fighting       | 1 |  1.3
Earth Magic    | 4 |  4.5
Conjurations   | 1 |  1.4
Spellcasting   | 3 |  3.2
Dodging        | |  2.6
Transmutations | |  1.0

Action                   |  1- 3 |  4- 6 || total
-------------------------+-------+-------++-------
Melee: Dagger            |    13 |    26 ||    39
       Short sword       |       |     4 ||     4
 Cast: Sandblast         |    27 |    69 ||    96
  Use: Scroll            |     2 |    12 ||    14
       Potion            |       |     1 ||     1
 Stab: Sleeping          |    12 |    21 ||    33
Armor: Robe              |       |     9 ||     9
Dodge: Dodged            |     6 |    30 ||    36
